 Dungeon Crawl Stone Soup version 0.31-a0-233-g139696dc86 (webtiles) character file.

Game seed: 5909540103935614501

324 Shard1697 the Slasher (level 6, 0/24 (48) HPs)
             Began as a Djinni Reaver on July 8, 2023.
             Slain by a cerulean imp
             ... wielding a +0 spear
             ... summoned by Natasha
              (1 damage)
             ... on level 3 of the Dungeon.
             The game lasted 00:03:27 (2583 turns).

Shard1697 the Slasher (Djinni Reaver)               Turns: 2583, Time: 00:03:27

HP:   0/24 (48)     AC:  5    Str: 11    XL:     6   Next: 78%
Gold: 186           EV: 11    Int: 16    God:
                    SH:  0    Dex: 12

rFire   + + .        a - +0 falchion
rCold   . . .        (no shield)
rNeg    . . .        n - +2 leather armour {rC+}
rPois   ∞            (no helmet)
rElec   .            (no cloak)
rCorr   .            (no gloves)
SInv    .            (boots unavailable)
Will    .....        (no amulet)
Stlth   +            (no ring)
HPRegen 0.24/turn    (no ring)
MPRegen 0.00/turn

%: clarity, infuse magic (-1 HP)
@: brilliant, attractive, flying, extremely drained
A: sickness immunity, fire resistance 2, cold vulnerability 1, float, innate
caster, HP casting, extra vitality 1, clarity, evolution 1
a: no special abilities


You were on level 3 of the Dungeon.
You visited 1 branch of the dungeon, and saw 3 of its levels.

You collected 186 gold pieces.

Inventory:

Hand Weapons
 a - a +0 falchion (weapon)
 b - a +1 dagger of protection
Missiles
 k - a throwing net
Armour
 n - a +2 leather armour of cold resistance (worn)
Jewellery
 m - an amulet of faith
Scrolls
 c - a scroll of blinking {unknown}
 f - 2 scrolls of identify {unknown}
 g - a scroll of revelation {unknown}
 h - a scroll of brand weapon {unknown}
 j - 2 scrolls of teleportation {unknown}
Potions
 d - a potion of brilliance


   Skills:
 * Level 4.5 Fighting
 * Level 4.6 Long Blades
 - Level 2.1 Dodging
 + Level 3.2 Spellcasting
 + Level 3.2 Conjurations
 + Level 3.2 Hexes
   Level 0.0 Charms
 + Level 3.2 Summonings
 + Level 3.2 Necromancy
 + Level 3.2 Translocations
 + Level 3.2 Transmutations
 + Level 3.2 Fire Magic
 + Level 3.2 Ice Magic
 + Level 3.2 Air Magic
 + Level 3.2 Earth Magic
 + Level 3.2 Poison Magic


You knew the following spells:

 Your Spells              Type           Power      Damage    Failure   Level
a - Kiss of Death         Conj/Necr      76%        2d11      6%          1
b - Momentum Strike       Conj/Tloc      38%        3d9       10%         2
c - Hailstorm             Conj/Ice       19%        3d6       19%         3
d - Beastly Appendage     Tmut           38%        N/A       6%          1
e - Scorch                Fire           38%        2d6       10%         2
Your spell library was empty.

Dungeon Overview and Level Annotations

Branches:
Dungeon (3/15)

Altars:

Shops:
D:3 :

Annotations:
D:3 Natasha


Innate Abilities, Weirdness & Mutations

You are immune to sickness and miasma.
You are immune to poison.
Your flesh is very heat resistant. (rF++)
You are vulnerable to cold. (rC-)
You float through the air rather than walking.
You learn spells naturally, not from books.
Your magical power is your life essence.
You have superior vitality. (+4 MHP)
You possess an exceptional clarity of mind.
You have hidden genetic potential.


Message History

Natasha is attracted toward you.
The cerulean imp is attracted toward you.
Okay, then.
You slash the cerulean imp!
The cerulean imp is heavily wounded.
Natasha mumbles some strange words.
The cerulean imp barely misses you.
You closely miss the cerulean imp.
The cerulean imp is heavily wounded.
The cerulean imp hits you with a +2 spear.
The cerulean imp hits you but does no damage.
You hit the cerulean imp.
The cerulean imp is almost dead.
Natasha growls.
The cerulean imp hits you with a +2 spear.
You barely miss the cerulean imp.
The cerulean imp is almost dead.
The cerulean imp hits you with a +2 spear. x2
* * * LOW HITPOINT WARNING * * *
It was a potion of mutation.
You feel extremely strange.
Your thoughts seem clearer.
You feel a hidden potential growing inside you.
You feel yourself speed up.
The cerulean imp hits you with a +2 spear.
* * * LOW HITPOINT WARNING * * *
You hit the cerulean imp.
You kill the cerulean imp!
The cerulean imp disappears in a puff of smoke!
Casting: Momentum Strike (safe; 10% risk of failure)
Confirm with . or Enter, or press ? or * to list all spells.
Aiming: Kiss of Death (safe; 6% risk of failure)
Press: ? - help, Shift-Dir - straight line, f/p - Natasha
Aim: Natasha (blue smoke, 100% to hit)
You feel a surge of power!
The negative energy hits Natasha.
Natasha is drained!
Natasha is heavily wounded.
You feel drained.
* * * LOW HITPOINT WARNING * * *
The cerulean imp hits you from afar with a +0 spear.
You die...

#.###...........#......(..
##.##.#.........#....#####
##.#.#†##...####.#### ###
##...###...# ##+## #..
##.## #...###...## #..
#.#########†....## #..
#.#.## ##.......####.
#....####.........###.
#....@h5o5........+...
#....####.........####
#.#.## ##.......## # #.###
##h....## #.# ##...## #.#
##'## #.# ########.#######
#.....).........
#.######..###...


You could see Natasha (very drained), 2 cerulean imps and an orc.

Vanquished Creatures
  Sigmund (D:2)
  An orc priest (D:3)
  Natasha (D:3)
  An orc wizard (D:3)
  A gnoll (D:1)
  2 adders (D:2)
  2 dart slugs
  7 orcs (D:3)
  5 endoplasms
  3 giant cockroaches (D:1)
  3 goblins
  3 hobgoblins
  3 quokkas
  4 ball pythons
  5 bats
  2 frilled lizards
  7 kobolds
  A rat (D:1)
52 creatures vanquished.

Notes
Turn   | Place    | Note
-------+----------+-------------------------------------------
     0 | D:1      | Shard1697 the Djinni Reaver began the quest for the Orb.
     0 | D:1      | Shard1697 set off with the following spells memorised: Kiss
                  | of Death, Momentum Strike, Hailstorm.
     0 | D:1      | Reached XP level 1. HP: 18/18 MP: 0/0
   154 | D:1      | Reached XP level 2. HP: 23/23 MP: 0/0
   321 | D:1      | Reached XP level 3. HP: 21/28 MP: 0/0
   321 | D:1      | Learned a level 1 spell: Beastly Appendage
  1199 | D:2      | Reached XP level 4. HP: 28/32 MP: 0/0
  1466 | D:2      | Noticed Sigmund
  1485 | D:2      | Killed Sigmund
  1486 | D:2      | Reached XP level 5. HP: 27/41 MP: 0/0
  1486 | D:2      | Learned a level 2 spell: Scorch
  1486 | D:2      | Reached XP level 6. HP: 31/47 MP: 0/0
  1901 | D:3      | Found Moahei's Book Emporium.
  2422 | D:3      | Noticed Natasha
  2498 | D:3      | Killed Natasha
  2567 | D:3      | Noticed Natasha
  2581 | D:3      | Gained mutation: You possess an exceptional clarity of
                  | mind. [potion of mutation]
  2581 | D:3      | Gained mutation: You have hidden genetic potential. [potion
                  | of mutation]
  2583 | D:3      | Slain by a cerulean imp

Illustrated notes

Levels and vault maps discovered:
D:1:      wheals_arrival_shading, layout_loops_ring, minmay_split_cup_small
D:2:      layout_basic, basic_altar, uniq_sigmund
D:3:      layout_loops_corners, grunt_gozag_breadcrumbs, serial_shops, shop,
          shop, nicolae_lakefront_shop, nicolae_shop_tiny_real_fake_doors, shop,
          uniq_natasha

Skill      XL: |  1  2  3  4 |
---------------+-------------+-----
Long Blades    | 3 4 |  4.6
Fighting       | 4 |  4.5
Spellcasting   | 3 |  3.2
Conjurations   | 3 |  3.2
Hexes          | 3 |  3.2
Summonings     | 3 |  3.2
Necromancy     | 3 |  3.2
Translocations | 3 |  3.2
Transmutations | 3 |  3.2
Fire Magic     | 3 |  3.2
Ice Magic      | 3 |  3.2
Air Magic      | 3 |  3.2
Earth Magic    | 3 |  3.2
Poison Magic   | 3 |  3.2
Dodging        | |  2.1

Action                     |  1- 3 |  4- 6 || total
---------------------------+-------+-------++-------
  Melee: Falchion          |    92 |    97 ||   189
         Dagger            |     2 |       ||     2
         Punch             |       |     1 ||     1
   Cast: Kiss of Death     |     2 |     6 ||     8
    Use: Potion            |       |     3 ||     3
   Stab: Sleeping          |       |     1 ||     1
 Armour: Leather armour    |    38 |    19 ||    57
  Dodge: Dodged            |    60 |    57 ||   117

Table legend: (Time is in decaauts)
 A = Elapsed time spent in this place.
 B = Non-inter-level travel time spent in this place.
 C = Inter-level travel time spent in this place.
 D = Time resting spent in this place.
 E = Time spent auto-exploring this place.
 F = Levels seen in this place.
 G = Mean time per level.
                   A        B        C        D        E       F      G
               +--------+--------+--------+--------+--------+-----+--------+
         Total |   2608 |   2528 |     80 |    396 |   1636 |   3 |  869.3 |
       Dungeon |   2608 |   2528 |     80 |    396 |   1636 |   3 |  869.3 |
               +--------+--------+--------+--------+--------+-----+--------+

Top non-repeatable levels by time:
     D:1: 1009 daAuts
     D:2: 907 daAuts
     D:3: 692 daAuts
